 Dungeon Crawl Stone Soup version 0.24-a0-639-gb70a11d811 (webtiles) character file.

Game seed: 6301644465723314484, levelgen mode: deterministic

280176 Peloso the Hoplite (level 19, -13/180 HPs)
             Began as a Minotaur Fighter on Sept 20, 2019.
             Was an Initiate of Gozag.
             Killed from afar by a Hell Sentinel (33 damage)
             ... with damnation
             ... summoned by a deep elf demonologist
             ... led by an ironheart preserver
             ... on level 1 of the Vaults on Sept 21, 2019.
             The game lasted 02:11:45 (44434 turns).

Peloso the Hoplite (Minotaur Fighter)              Turns: 44434, Time: 02:11:46

Health: -13/180    AC: 31    Str: 29    XL:     19   Next: 67%
Magic:  18/18      EV: 13    Int: 12    God:    Gozag
Gold:   744        SH: 19    Dex: 23    Spells: 18/18 levels left

rFire    + + .     SeeInvis +   a - +5 scimitar "Epsiec" {freeze, +Fly rF+}
rCold    + + .     Gourm    .   c - +0 shield of Salvation {rC++ Dex+2}
rNeg     . . .     Faith    .   s - +1 plate armour {MR+}
rPois    .         Spirit   .   u - +2 hat {Int+3}
rElec    +         Reflect  .   n - +0 cloak of the Tormentor {rElec SInv Stlth+}
rCorr    .         Harm     .   P - +3 pair of gauntlets of War {Slay+5}
MR       ++...                  A - +2 pair of boots
Stlth    +.........             t - amulet "Saemiala" {Regen+ Str+3 Int+4 Dex+3 Stlth+}
HPRegen  0.80/turn              L - ring "Ujampuit" {rF+ Dex+5 SInv}
MPRegen  0.16/turn              (no ring)

@: gold aura, very slightly contaminated
A: retaliatory headbutt, horns 2
}: 2/15 runes: barnacled, gossamer
a: Potion Petition, Call Merchant, Bribe Branch, Renounce Religion, Evoke Flight


You were on level 1 of the Vaults.
You worshipped Gozag.
Gozag was pleased with you.
You were very hungry.

You visited 7 branches of the dungeon, and saw 35 of its levels.
You also visited: Gauntlet and Ice Cave.

You collected 13554 gold pieces.
You spent 4001 gold pieces at shops.
You paid 8809 gold pieces to Gozag.

Inventory:

Hand Weapons
 a - the +5 scimitar "Epsiec" (weapon) {freeze, +Fly rF+}
   (You bought it in a shop on level 10 of the Dungeon)

   It has been specially enchanted to freeze those struck by it, causing extra
   injury to most foes and up to half again as much damage against particularly
   susceptible opponents.
   It can also slow down cold-blooded creatures.
   It protects you from fire.
   It lets you fly.
 b - a +2 scimitar of flaming
 l - the +11 hand crossbow "Iratear" {venom, +Fly rN+ Str+5}
   (You found it on level 4 of the Shoals)

   It poisons the ammo it fires.
   It affects your strength (+5).
   It protects you from negative energy.
   It lets you fly.
Armour
 c - the +0 shield of Salvation (worn) {rC++ Dex+2}
   (You found it in a Gauntlet)

   It affects your dexterity (+2).
   It greatly protects you from cold.
 n - the +0 cloak of the Tormentor (worn) {rElec SInv Stlth+}
   (You bought it in a shop on level 1 of the Lair of Beasts)

   It insulates you from electricity.
   It lets you see invisible.
   It makes you more stealthy.
 s - a +1 plate armour of magic resistance (worn)
 u - a +2 hat of intelligence (worn)
 A - a +2 pair of boots (worn)
 P - the +3 pair of gauntlets of War (worn) {Slay+5}
   (You bought it in a shop on level 12 of the Dungeon)

   It affects your accuracy and damage with ranged weapons and melee attacks
   (+5).
 U - a +1 cloak
Jewellery
 t - the amulet "Saemiala" (around neck) {Regen+ Str+3 Int+4 Dex+3 Stlth+}
   (You bought it in a shop on level 2 of the Orcish Mines)

   [amulet of regeneration]

   It affects your strength (+3).
   It affects your intelligence (+4).
   It affects your dexterity (+3).
   It increases your rate of regeneration.
   It makes you more stealthy.
 E - an uncursed ring of poison resistance
 L - the ring "Ujampuit" (left hand) {rF+ Dex+5 SInv}
   (You found it on level 6 of the Lair of Beasts)

   [ring of see invisible]

   It affects your dexterity (+5).
   It protects you from fire.
   It lets you see invisible.
 T - a +3 amulet of reflection
 Z - an uncursed ring of resist corrosion
Wands
 S - a wand of digging (3)
Scrolls
 j - 16 scrolls of remove curse
 k - 2 scrolls of blinking
 p - 9 scrolls of identify
 y - 11 scrolls of magic mapping
 B - 11 scrolls of teleportation
 I - a scroll of fear
 K - 6 scrolls of noise
 Y - 2 scrolls of summoning
Potions
 d - 4 potions of might
 e - 7 potions of haste
 v - 3 potions of mutation
 w - 3 potions of resistance
 z - 3 potions of flight
 C - 5 potions of agility
 D - 10 potions of curing
 R - 2 potions of heal wounds
Miscellaneous
 g - a sack of spiders
 h - a fan of gales
 i - a crystal ball of energy
 m - a lamp of fire
Comestibles
 f - 26 rations


   Skills:
 + Level 18.4 Fighting
 + Level 20.4 Long Blades
   Level 4.9 Axes
 + Level 18.4 Armour
 + Level 6.1 Dodging
 + Level 5.0 Stealth
 + Level 22.3 Shields
 + Level 1.1 Evocations


You had 18 spell levels left.
You didn't know any spells.
Your spell library contained the following spells:

 Spells                   Type           Power        Failure   Level  Hunger
 Animate Skeleton         Necr           N/A          83%         1    ##.....
 Apportation              Tloc           #.....       83%         1    ##.....
 Beastly Appendage        Tmut           #.....       83%         1    ##.....
 Confusing Touch          Hex            #.....       83%         1    ##.....
 Corona                   Hex            #......      83%         1    ##.....
 Infusion                 Chrm           #...         83%         1    ##.....
 Magic Dart               Conj           #...         83%         1    ##.....
 Pain                     Necr           #...         83%         1    ##.....
 Summon Butterflies       Summ           #.......     83%         1    ##.....
 Summon Small Mammal      Summ           #...         83%         1    ##.....
 Ensorcelled Hibernation  Hex/Ice        #.....       93%         2    ###....
 Poisonous Vapours        Pois/Air       #.....       93%         2    ###....
 Searing Ray              Conj           #.....       93%         2    ###....
 Shroud of Golubria       Chrm/Tloc      #.....       93%         2    ###....
 Song of Slaying          Chrm           #.......     93%         2    ###....
 Sticks to Snakes         Tmut           #.......     93%         2    ###....
 Throw Frost              Conj/Ice       #.....       93%         2    ###....
 Confuse                  Hex            #.......     99%         3    ####...
 Conjure Flame            Conj/Fire      #.......     99%         3    ####...
 Dazzling Spray           Conj/Hex       #.....       99%         3    ####...
 Mephitic Cloud           Conj/Pois/Air  #.......     99%         3    ####...
 Recall                   Summ/Tloc      N/A          99%         3    ####...
 Regeneration             Chrm/Necr      #.........   99%         3    ####...
 Spectral Weapon          Hex/Chrm       #.......     99%         3    ####...
 Spider Form              Tmut/Pois      #.........   99%         3    ####...
 Summon Guardian Golem    Hex/Summ       #.......     99%         3    ####...
 Tukima's Dance           Hex            #.......     99%         3    ####...
 Animate Dead             Necr           N/A          100%        4    #####..
 Force Lance              Conj/Tloc      #.......     100%        4    #####..
 Fulminant Prism          Conj/Hex       #.........   100%        4    #####..
 Ice Form                 Ice/Tmut       #.......     100%        4    #####..
 Iskenderun's Mystic Bla  Conj           #.......     100%        4    #####..
 Throw Icicle             Conj/Ice       #.......     100%        4    #####..
 Blade Hands              Tmut           #.........   100%        5    ######.
 Borgnjor's Vile Clutch   Necr/Erth      #.........   100%        5    ######.
 Silence                  Hex/Air        #.........   100%        5    ######.
 Death Channel            Necr           #.........   100%        6    #######
 Freezing Cloud           Conj/Ice/Air   #.........   100%        6    #######
 Simulacrum               Ice/Necr       #.........   100%        6    #######
 Ring of Flames           Chrm/Fire      #.........   100%        7    #######
 Summon Hydra             Summ           #.........   100%        7    #######
 Discord                  Hex            #.........   100%        8    #######


Dungeon Overview and Level Annotations

Branches:
Dungeon (15/15)            Temple (0/1) D:4            Lair (6/6) D:10
 Shoals (4/4) Lair:4       Spider (4/4) Lair:3        Slime (0/5) Lair:5
    Orc (2/2) D:11            Elf (3/3) Orc:2        Vaults (1/5) D:14
 Depths (0/5) D:15          IceCv (visited)         Gauntlet (visited)

Altars:
Gozag
Kikubaaqudgha
Okawaru
Wu Jian
Beogh
Jiyva

Shops:
D:7 }   D:9 :   D:10 (   D:12 [   Orc:2 (*[=   Elf:3 (   Lair:1 ([[(([


Innate Abilities, Weirdness & Mutations

You reflexively headbutt those who attack you in melee.
You have a pair of horns on your head.


Message History

The deep elf mage is no longer distracted by gold.
The chaos spawn is engulfed in blazing flames.
Unknown command.
You hit the Hell Sentinel but do no damage.
The Hell Sentinel is heavily wounded.
The Tzitzimitl calls on the powers of darkness!
The redback convulses!
The deep elf mage convulses!
The deep elf demonologist convulses!
The deep elf knight convulses!
The deep elf mage convulses! x2; Your body is wracked with pain!
* * * LOW HITPOINT WARNING * * *
The Hell Sentinel hits you but does no damage.
You block the Hell Sentinel's attack.
Blink to where?
Press: ? - help, Dir - move target cursor You are very lightly contaminated with residual magic.
As you read the scroll of blinking, it crumbles to dust.
The Hell Sentinel gestures at you.
The sphere of damnation explodes!
The damnation engulfs you!!
You die...
Your body crumbles into a pile of gold.

#. #.#1#e# ##.## ....#es34e#
##.##. .[..oseee○#
##########.##.#
#######1#########........'.#.##
#..§........#........#.#.#.
#...........#........#.##'$
#...........#........#..##$
#...........#........#..###
+.........@.'........#...##
#...........#........##..$.
#############........###...
########## ##.. ###


You could see a Hell Sentinel.

Vanquished Creatures
  An Ice Fiend (IceCv)
  2 deep elf blademasters (Elf:3)
  2 deep elf master archers (Elf:3)
  Gastronok (D:8)
  Roxanne (D:14)
  A frost giant (Shoals:3)
  Ilsuiw (Shoals:3)
  2 orc warlords
  4 ghost moths (Spider:4)
  3 deep elf sorcerers (Elf:3)
  3 deep elf elementalists (Elf:3)
  3 emperor scorpions (Spider:4)
  An ironheart preserver (Vaults:1)
  2 entropy weavers (Spider:1)
  5 deep elf demonologists
  Nessos (D:12)
  8 deep elf annihilators (Elf:3)
  Azrael (D:14)
  3 spark wasps
  A minotaur (Gauntlet)
  6 merfolk javelineers
  Snorg (D:10)
  An ettin (Orc:2)
  9 deep elf death magi
  3 deep elf high priests (Elf:3)
  Josephine (D:13)
  4 merfolk impalers
  2 yaktaur captains
  8 hydras
  3 merfolk avatars
  3 merfolk aquamancers
  5 two-headed ogres
  2 centaur warriors
  4 alligator snapping turtles
  11 death yaks
  A satyr (Shoals:3)
  The ghost of Jabberih the Spear-Bearer, a novice MfGl of Fedhas (Lair:2)
  An ogre mage (Vaults:1)
  Urug (Orc:1)
  An orc high priest (Orc:2)
  20 deep elf knights
  2 unseen horrors
  A skeletal warrior (D:15)
  12 sea snakes
  12 deep elf archers
  A flayed ghost (D:15)
  A tengu zombie (D:15)
  5 necromancers
  Pikel (D:8)
  6 orc knights
  41 deep elf magi
  An iron dragon zombie (D:15)
  2 cyclopes (D:14)
  18 harpies
  22 orb spiders
  4 orc sorcerers
  18 ugly things
  5 moths of wrath
  39 wolf spiders
  12 manticores
  9 fauns
  6 elephants (Lair:5)
  An ice statue (IceCv)
  2 black mambas (Lair:5)
  8 merfolk sirens
  Psyche (D:12)
  A fire giant skeleton (D:15)
  A water nymph (Shoals:4)
  A spiny frog (shapeshifter) (D:15)
  A torpor snail (Spider:1)
  3 centaur skeletons
  3 orange demons (Elf:2)
  11 spiny frogs
  A minotaur zombie (Gauntlet)
  8 komodo dragons
  12 demonic crawlers
  3 rime drakes (Lair:3)
  7 ice devils (IceCv)
  An efreet (D:14)
  2 freezing wraiths (IceCv)
  5 anaconda simulacra (IceCv)
  6 trolls
  3 golden dragon simulacra (IceCv)
  A guardian mummy (D:15)
  21 merfolk
  2 wind drakes
  14 hornets
  A hornet (shapeshifter) (Gauntlet)
  6 polar bears (Lair:6)
  A wind drake (shapeshifter) (Elf:3)
  29 jumping spiders
  A raiju (Gauntlet)
  13 hippogriffs
  4 blink frogs (Lair:3)
  4 dream sheep (Lair:6)
  Grinder (D:6)
  9 snapping turtles
  6 slime creatures (D:13)
  2 large abominations (Elf:1)
  2 air elementals
  8 water elementals
  3 vampires
  62 redbacks
  17 spriggans
  37 tarantellas
  A redback (shapeshifter) (Elf:2)
  6 wraiths
  18 yaks
  7 wyverns
  2 dire elephant simulacra (IceCv)
  A steam dragon (Gauntlet)
  A golden eye (shapeshifter) (Gauntlet)
  9 fire elementals
  3 hungry ghosts
  Grum (D:8)
  3 vampire mosquitoes (D:15)
  2 basilisks
  A warg (shapeshifter) (Gauntlet)
  4 wargs
  A harpy simulacrum (IceCv)
  2 iron troll simulacra (IceCv)
  2 soldier ants
  Edmund (D:6)
  2 hell hounds (D:14)
  6 hydra simulacra (IceCv)
  7 water moccasins
  2 acid dragons
  6 porcupines
  8 ice beasts
  34 orc warriors
  3 black bears
  6 sky beasts
  An eye of draining (D:12)
  A black bear (shapeshifter) (D:13)
  A hornet zombie (D:7)
  4 phantoms
  24 wolves
  3 boggarts (Lair:6)
  13 ogres
  15 crocodiles
  10 centaurs
  Blork the orc (D:5)
  5 elf zombies (Elf:1)
  14 bullfrogs
  6 earth elementals
  A yaktaur skeleton (D:15)
  A wyvern skeleton (D:10)
  A wyvern zombie (D:10)
  10 scorpions
  An elephant simulacrum (IceCv)
  4 wights (D:15)
  A howler monkey (D:8)
  3 electric eels
  13 crimson imps
  A quasit (D:14)
  9 jellies
  A bullfrog zombie (D:11)
  6 centaur zombies
  6 hounds
  2 bullfrog skeletons
  2 iguanas
  26 orc priests
  Ijyb (D:3)
  20 orc wizards
  4 worker ants
  5 troll simulacra (IceCv)
  2 spriggan simulacra (IceCv)
  4 yak simulacra (Lair:3)
  5 polar bear simulacra
  2 wolf simulacra (Lair:3)
  3 centaur simulacra (IceCv)
  2 worker ant zombies (D:5)
  Robin (D:3)
  17 gnolls
  20 adders
  2 naga simulacra (IceCv)
  2 ogre simulacra (IceCv)
  2 shadow imps
  8 white imps (IceCv)
  4 ufetubi (IceCv)
  An ooze (D:6)
  2 adder skeletons
  4 worms
  2 dart slugs
  8 leopard geckos
  103 orcs
  2 ball pythons (D:2)
  10 bats
  5 giant cockroaches
  18 goblins
  9 hobgoblins
  11 jackals
  A quokka (D:12)
  3 frilled lizards
  A jackal skeleton (D:6)
  10 kobolds
  A leopard gecko skeleton (D:5)
  A quokka zombie (D:7)
  12 rats
  A river rat simulacrum (Lair:3)
  5 fungi (Lair:1)
  4 plants
1320 creatures vanquished.

Vanquished Creatures (others)
  A deep elf high priest (Elf:3)
  28 dancing weapons
  A deep elf mage (Elf:3)
  An ugly thing (D:14)
  A jumping spider (Spider:4)
  2 redbacks
  3 slaves (D:8)
  2 centaurs (D:14)
  A bullfrog (D:8)
  3 howler monkeys (D:13)
  An orc wizard (D:3)
  A worker ant (D:8)
  A shadow imp (D:8)
  2 orcs
  A quokka (D:8)
  4 fungi
  3 plants (Lair:3)
56 creatures vanquished.

Grand Total: 1376 creatures vanquished

Notes
Turn   | Place    | Note
-------+----------+-------------------------------------------
     0 | D:1      | Peloso the Minotaur Fighter began the quest for the Orb.
     0 | D:1      | Reached XP level 1. HP: 19/19 MP: 0/0
    49 | D:1      | Reached XP level 2. HP: 27/27 MP: 1/1
   263 | D:1      | Reached skill level 4 in Shields
   893 | D:2      | Reached XP level 3. HP: 33/33 MP: 2/2
   946 | D:2      | Reached XP level 4. HP: 37/41 MP: 3/3
  1680 | D:3      | Reached XP level 5. HP: 46/47 MP: 4/4
  1683 | D:3      | Noticed Robin
  1706 | D:3      | Killed Robin
  1993 | D:3      | Noticed Ijyb
  2004 | D:3      | Killed Ijyb
  2089 | D:3      | Reached skill level 5 in Shields
  2174 | D:3      | Reached skill level 1 in Dodging
  2174 | D:3      | Reached XP level 6. HP: 16/53 MP: 1/5
  2441 | D:3      | Found an opulent altar of Gozag.
  2449 | D:3      | Became a worshipper of Gozag Ym Sagoz the Greedy
  2773 | D:4      | Reached skill level 5 in Long Blades
  2920 | D:4      | Found a staircase to the Ecumenical Temple.
  2950 | D:4      | Reached skill level 5 in Armour
  3550 | D:4      | Found an ornate altar of the Wu Jian Council.
  3599 | D:5      | Entered Level 5 of the Dungeon
  3659 | D:5      | Noticed Blork the orc
  3659 | D:5      | Noticed an ice beast
  3683 | D:5      | Killed Blork the orc
  3683 | D:5      | Reached XP level 7. HP: 53/60 MP: 6/6
  3688 | D:5      | Reached skill level 5 in Fighting
  3717 | D:5      | Noticed a hippogriff
  3743 | D:5      | Killed a hippogriff
  3743 | D:5      | Reached skill level 6 in Shields
  4040 | D:5      | Reached XP level 8. HP: 58/69 MP: 4/7
  4510 | D:6      | Noticed Grinder
  4511 | D:6      | Found an iron altar of Okawaru.
  4521 | D:6      | Paralysed by Grinder for 6 turns
  4529 | D:6      | Paralysed by Grinder for 2 turns
  4534 | D:6      | Killed Grinder
  4738 | D:6      | Reached skill level 7 in Shields
  4955 | D:6      | Noticed Edmund
  4964 | D:6      | Killed Edmund
  5451 | D:7      | Reached XP level 9. HP: 69/78 MP: 6/8
  5963 | D:7      | Reached skill level 8 in Shields
  6055 | D:8      | Noticed Gastronok
  6063 | D:8      | Noticed Pikel
  6083 | D:8      | Reached skill level 10 in Long Blades
  6095 | D:8      | Killed Pikel
  6582 | D:8      | Noticed Grum
  6584 | D:8      | Killed Gastronok
  6584 | D:8      | Reached skill level 9 in Shields
  6584 | D:8      | Reached XP level 10. HP: 73/86 MP: 7/9
  6592 | D:8      | Killed Grum
  7590 | D:9      | Found Muxuh's Book Boutique.
  7877 | D:10     | Entered Level 10 of the Dungeon
  7888 | D:10     | Found Celoisug's Antique Weapon Shop.
  7903 | D:10     | Bought an ichor-stained scimitar for 288 gold pieces
  7903 | D:10     | Identified the +5 scimitar "Epsiec" {freeze, +Fly rF+} (You
                  | bought it in a shop on level 10 of the Dungeon)
  7944 | D:10     | Reached skill level 10 in Shields
  8142 | D:10     | Reached skill level 1 in Stealth
  8220 | D:10     | Noticed Snorg
  8232 | D:10     | Killed Snorg
  8232 | D:10     | Reached XP level 11. HP: 6/95 MP: 0/10
  8790 | D:10     | Found a staircase to the Lair.
  9146 | D:11     | Noticed an orc knight
  9146 | D:11     | Noticed an orc knight
  9149 | D:11     | Found a roughly hewn altar of Beogh.
  9149 | D:11     | Found a staircase to the Orcish Mines.
  9176 | D:10     | Killed an orc knight
  9200 | D:10     | Killed an orc knight
  9921 | D:11     | Found Ari Poek's Food Shop.
  9929 | D:11     | Bought a ration for 50 gold pieces
 10288 | D:12     | Noticed a two-headed ogre
 10294 | D:12     | Killed a two-headed ogre
 10294 | D:12     | Reached skill level 11 in Shields
 10632 | D:12     | Noticed Nessos
 10644 | D:12     | Killed Nessos
 10644 | D:12     | Reached skill level 10 in Armour
 10945 | D:12     | Noticed Psyche
 10959 | D:12     | Killed Psyche
 11390 | Lair:1   | Entered Level 1 of the Lair of Beasts
 11405 | Lair:1   | Noticed a seven-headed hydra
 11434 | D:10     | Killed a one-headed hydra
 11434 | D:10     | Reached skill level 10 in Fighting
 11614 | Lair:1   | Reached XP level 12. HP: 97/106 MP: 11/11
 11815 | Lair:1   | Noticed a five-headed hydra
 11823 | Lair:1   | Killed a one-headed hydra
 11823 | Lair:1   | Reached skill level 1 in Axes
 11823 | Lair:1   | Reached skill level 12 in Shields
 11834 | Lair:1   | Noticed a seven-headed hydra
 11851 | Lair:1   | HP: 2/106 [komodo dragon (10)]
 11854 | Lair:1   | Killed a one-headed hydra
 12807 | D:12     | Bought the +3 pair of gauntlets of War {Slay+5} for 665
                  | gold pieces
 12807 | D:12     | Found the +3 pair of gauntlets of War {Slay+5}
 12938 | Lair:2   | Noticed a death yak
 12938 | Lair:2   | Noticed a death yak
 12938 | Lair:2   | Noticed a death yak
 12938 | Lair:2   | Noticed a death yak
 12949 | Lair:1   | Killed a death yak
 12971 | Lair:1   | Killed a death yak
 12983 | Lair:2   | Killed a death yak
 12991 | Lair:2   | Killed a death yak
 13103 | Lair:2   | Found a runed translucent gate.
 13103 | Lair:2   | Found a runed translucent gate.
 13103 | Lair:2   | Found a runed translucent gate.
 13103 | Lair:2   | Noticed Jabberih's ghost (novice MfGl)
 13599 | Lair:3   | Noticed a seven-headed hydra
 13613 | Lair:3   | Killed a three-headed hydra
 13738 | Lair:3   | Noticed a six-headed hydra
 13749 | Lair:3   | Killed a one-headed hydra
 13825 | Lair:3   | Reached skill level 15 in Long Blades
 13827 | Lair:3   | Reached skill level 13 in Shields
 13827 | Lair:3   | Reached XP level 13. HP: 98/116 MP: 12/12
 14324 | Lair:3   | Found a hole to the Spider Nest.
 14706 | Lair:4   | Found a staircase to the Shoals.
 15864 | Lair:5   | Found a viscous altar of Jiyva.
 15864 | Lair:5   | Found a staircase to the Slime Pits.
 16168 | D:13     | Found a gate leading to a gauntlet.
 16236 | Gauntlet | Entered a Gauntlet
 16236 | Gauntlet | Found a transporter.
 16243 | Gauntlet | Found a transporter.
 16245 | Gauntlet | Found a transporter.
 16269 | Gauntlet | Found a transporter.
 16270 | Gauntlet | Found a transporter.
 16283 | Gauntlet | Found a transporter.
 16286 | Gauntlet | Found the +0 pair of fencer's gloves {Riposte Dex+3}
 16297 | Gauntlet | Found a transporter.
 16307 | Gauntlet | Found a transporter.
 16315 | Gauntlet | Found a runed translucent door.
 16317 | Gauntlet | Found a transporter.
 16319 | Gauntlet | Found a runed translucent door.
 16332 | Gauntlet | Found a transporter.
 16341 | Gauntlet | Found a transporter.
 16345 | Gauntlet | Found a transporter.
 16422 | Gauntlet | Got a faintly humming shield
 16428 | Gauntlet | Identified the +0 shield of Salvation {rC++ Dex+2} (You
                  | found it in a Gauntlet)
 16475 | Gauntlet | Found a transporter.
 16553 | Gauntlet | Reached skill level 14 in Shields
 17048 | Gauntlet | Noticed a minotaur
 17070 | Gauntlet | Killed a minotaur
 17083 | Gauntlet | Got a polished mace
 17435 | D:13     | Noticed Josephine
 17445 | D:13     | Killed Josephine
 17490 | D:13     | Identified the cursed +0 mace of the Final Decision {crush,
                  | +Blink Int-2 SInv Stlth+} (You found it in a Gauntlet)
 17880 | Lair:2   | Killed Jabberih's ghost
 17880 | Lair:2   | Reached XP level 14. HP: 127/127 MP: 13/13
 18769 | D:14     | Found a gate to the Vaults.
 18917 | D:14     | Reached skill level 1 in Evocations
 19315 | D:14     | Reached skill level 15 in Shields
 19479 | D:14     | Noticed Roxanne
 19508 | D:14     | Noticed Azrael
 19526 | D:14     | Killed Azrael
 20123 | Orc:1    | Entered Level 1 of the Orcish Mines
 20123 | Orc:1    | Noticed an orc warlord
 20156 | D:11     | Killed an orc warlord
 20368 | Orc:1    | Paralysed by an orc sorcerer for 4 turns
 20503 | Orc:2    | Entered Level 2 of the Orcish Mines
 20504 | Orc:2    | Found a roughly hewn altar of Beogh.
 21138 | Orc:2    | Noticed an orc warlord
 21561 | Orc:2    | Found a roughly hewn altar of Beogh.
 21580 | Orc:2    | Found Qaowken's Jewellery Emporium.
 22240 | Orc:2    | Killed an orc warlord
 22415 | Orc:2    | Found a staircase to the Elven Halls.
 22475 | Orc:2    | Found Muenib Jease's Antique Armour Emporium.
 22669 | Orc:2    | Found Onie's Antique Weapon Emporium.
 22684 | Orc:2    | Found Padiaceg's General Store.
 22691 | Orc:2    | Bought the amulet "Saemiala" {Regen+ Str+3 Int+4 Dex+3
                  | Stlth+} for 851 gold pieces
 23048 | Orc:1    | Noticed Urug
 23061 | Orc:1    | Killed Urug
 23061 | Orc:1    | Reached skill level 16 in Shields
 23204 | Orc:1    | You fall into a shaft and drop 1 floor!
 23615 | D:14     | Killed Roxanne
 23615 | D:14     | Reached XP level 15. HP: 93/137 MP: 14/14
 23718 | D:15     | Entered Level 15 of the Dungeon
 23777 | D:15     | Found a staircase to the Depths.
 24763 | Shoals:1 | Entered Level 1 of the Shoals
 24961 | Shoals:1 | Reached skill level 15 in Armour
 24963 | Shoals:1 | You fall into a shaft and drop 1 floor!
 24975 | Shoals:2 | Found a frozen archway.
 24994 | IceCv    | Entered an ice cave
 25431 | IceCv    | Noticed an Ice Fiend
 25449 | IceCv    | Killed an Ice Fiend
 25489 | IceCv    | Got a wavering golden amulet
 25491 | IceCv    | Identified the amulet "Esoyduk" {Inacc rPois rF+} (You
                  | found it in an ice cave)
 25497 | IceCv    | Got a pair of faintly humming gloves
 25515 | IceCv    | Identified the +0 pair of gloves of the Modern Queens
                  | {Str+2} (You found it in an ice cave)
 26175 | Lair:1   | Upgraded the game from 0.24-a0-630-g0d56a851f4 to
                  | 0.24-a0-639-gb70a11d811
 26283 | Lair:6   | Entered Level 6 of the Lair of Beasts
 26289 | Lair:6   | Reached skill level 17 in Shields
 26522 | Lair:6   | Reached XP level 16. HP: 145/147 MP: 15/15
 26543 | Lair:6   | Got a heavily runed tin ring
 26546 | Lair:6   | Identified the ring "Ujampuit" {rF+ Dex+5 SInv} (You found
                  | it on level 6 of the Lair of Beasts)
 26603 | Lair:6   | Reached skill level 15 in Fighting
 27486 | Lair:1   | Bought a brightly glowing plate armour for 1148 gold pieces
 27498 | Lair:1   | Identified the cursed +1 plate armour "Xuqubbe" {Int+2}
                  | (You bought it in a shop on level 1 of the Lair of Beasts)
 28492 | Shoals:2 | You fall into a shaft and drop 1 floor!
 28546 | Shoals:3 | Noticed Ilsuiw
 28593 | Shoals:3 | Killed Ilsuiw
 28736 | Shoals:2 | HP: 5/149 [drowned by a water elemental (7)]
 28737 | Shoals:2 | HP: 1/149 [drowned by a water elemental (10)]
 28737 | Shoals:2 | Reached skill level 18 in Shields
 29564 | Shoals:4 | Entered Level 4 of the Shoals
 30051 | Shoals:4 | Got a barnacled rune of Zot
 30273 | Spider:1 | Entered Level 1 of the Spider Nest
 30290 | Spider:1 | Reached skill level 5 in Dodging
 30677 | Spider:1 | Reached skill level 19 in Shields
 30696 | Spider:1 | Reached XP level 17. HP: 158/158 MP: 16/16
 32958 | Spider:4 | Entered Level 4 of the Spider Nest
 33105 | Spider:4 | Reached skill level 20 in Shields
 34215 | Spider:4 | Reached XP level 18. HP: 163/168 MP: 17/17
 34226 | Spider:4 | Got a gossamer rune of Zot
 34933 | Lair:1   | Identified a scroll of acquirement
 35128 | Orc:2    | Bought a cursed ring of teleportation for 67 gold pieces
 35792 | D:11     | Bought a ration for 50 gold pieces
 35792 | D:11     | Bought a ration for 50 gold pieces
 35792 | D:11     | Bought a ration for 50 gold pieces
 35792 | D:11     | Bought a ration for 50 gold pieces
 35792 | D:11     | Bought a ration for 50 gold pieces
 35792 | D:11     | Bought a ration for 50 gold pieces
 35792 | D:11     | Bought a ration for 50 gold pieces
 35792 | D:11     | Bought a ration for 50 gold pieces
 35792 | D:11     | Bought a ration for 50 gold pieces
 35792 | D:11     | Bought a ration for 50 gold pieces
 35792 | D:11     | Bought a ration for 50 gold pieces
 36554 | Shoals:4 | Got a bloodstained hand crossbow
 37739 | Elf:1    | Entered Level 1 of the Elven Halls
 38378 | Elf:1    | Reached skill level 21 in Shields
 38383 | Elf:1    | Identified the Catalogue of Necromancy
 39532 | Elf:2    | Found a runed translucent gate.
 39532 | Elf:2    | Found a runed translucent gate.
 39533 | Elf:2    | Found a runed translucent gate.
 40007 | Elf:3    | Entered Level 3 of the Elven Halls
 40098 | Elf:3    | Found Unarph's Antique Weapon Boutique.
 40461 | Elf:3    | Found an ancient bone altar of Kikubaaqudgha.
 40669 | Elf:3    | Noticed a Brimstone Fiend
 40671 | Elf:3    | Reached XP level 19. HP: 101/177 MP: 18/18
 41173 | Elf:3    | Identified the +3 scimitar "Dazane" {flame, -Tele rPois
                  | Str-5 Dex+9}
 41300 | Elf:3    | Reached skill level 22 in Shields
 41302 | Elf:3    | Identified the +7 battleaxe of Mutilation {chop, rN+ Int-4
                  | Dex+4 Stlth+}
 41321 | Elf:3    | Identified the +5 rapier of the Crypt {pierce, rC++ Str-3
                  | Int+4}
 41471 | Elf:3    | Identified the Handbook of the Frostbite
 41822 | Elf:3    | Identified the Catalogue of Summoning and Execration
 41852 | Elf:3    | Identified the Incunabulum of Supportive Execration
 42492 | Lair:1   | Identified the +11 hand crossbow "Iratear" {venom, +Fly rN+
                  | Str+5} (You found it on level 4 of the Shoals)
 43231 | Elf:2    | Reached skill level 5 in Stealth
 44093 | Lair:1   | Bought the +0 cloak of the Tormentor {rElec SInv Stlth+}
                  | for 382 gold pieces
 44287 | Vaults:1 | Entered Level 1 of the Vaults
 44418 | Vaults:1 | Noticed a Tzitzimitl
 44434 | Vaults:1 | Killed from afar by a Hell Sentinel

Levels and vault maps discovered:
D:1:      eino_arrival_tree_alley, layout_basic
D:2:      layout_loops_corners
D:3:      layout_basic, serial_glass, glass_columns_a, glass_columns_a,
          grunt_gozag_statues, uniq_robin, uniq_ijyb
D:4:      layout_cave_pods, lemuel_round_altar, minmay_temple_entry_overgrown
D:5:      layout_basic, first_ration, uniq_blork_the_orc
D:6:      layout_gridville, okawaru_trees_1, uniq_grinder, uniq_edmund
D:7:      layout_basic, solitary_fountain, the_bakery, kennysheep_pointless_box
D:8:      layout_rooms, grunt_ministairs_6, uniq_gastronok, uniq_grum,
          uniq_pikel
D:9:      layout_irregular_city, serial_shops, kennysheep_mini
D:10:     minmay_recursive_quarters, layout_long_grid, special_room
          [special_room_orc], serial_shops, nicolae_shop_crystal, uniq_snorg
D:11:     layout_grid_maze, david_orc_5, serial_shops, shop_statue
D:12:     layout_loops_corners, uniq_nessos, uniq_psyche
D:13:     layout_long_grid, gauntlet_entry_generic, lemuel_nasty_fountain,
          uniq_josephine
D:14:     layout_irregular_city, erik_vaults_1, infiniplex_staircase_door_maze,
          kennysheep_just_a_vault, uniq_roxanne, uniq_azrael
D:15:     gammafunk_depths_entry_grave, layout_basic, minivault_25
Lair:1:   layout_hall_layers, fungi_pond_lemuel
Lair:2:   layout_misc_corridors, ebering_ghost_rock_garden
Lair:3:   layout_chaotic_city, spider_nest_entry_funnel_web,
          serial_bayou_pond_b, eino_house_with_fridge
Lair:4:   layout_loops_ring, minmay_shoals_entry_lonely_mermaid,
          serial_bayou_shore_b
Lair:5:   layout_small_grid, dpeg_slime_entry_enclosed_altar,
          beast_lair_carwin_10
Lair:6:   minmay_lair_end_enchanted_forest, layout_regular_city
Shoals:1: layout_shoals
Shoals:2: layout_shoals, portal_ice_cave_entry_pillars_three
Shoals:3: cheibrodos_shoals_baths, layout_shoals,
          nicolae_shoals_siren_and_animal_friends, uniq_ilsuiw
Shoals:4: shoals_end_grunt_ice, layout_shoals
Spider:1: layout_spider_delve, drop_trap
Spider:2: layout_spider_delve
Spider:3: layout_spider_delve
Spider:4: spider_rune_water, drop_trap
Orc:1:    layout_caves, uniq_urug
Orc:2:    grunt_orc_cross, layout_caves, basic_altar
Elf:1:    layout_loops_cross, minmay_elf_necromancy
Elf:2:    layout_geoelf_diagonals, einodemon_barbed_minivault
Elf:3:    grunt_elf_hall_branching, layout_loops_ring, serial_shops, shop,
          basic_altar, serial_sigils_hangedman_stare
Vaults:1: nicolae_vaults_c_with_doors, hangedman_vaults_restitches,
          vaults_room_door_ring, vaults_mumra_chevron_long,
          nicolae_vaults_what_the_h, nicolae_vaults_little_squares_3,
          grunt_vaults_swirl, vaults_room_hallway,
          nicolae_vaults_diagonal_hallway_6, layout_vaults_omnicross,
          serial_shops, nicolae_shop_overgrown_old_shop

Skill      XL: |  1  2  3  4  5  6  7  8  9 10 11 12 13 14 15 16 17 18 19 |
---------------+----------------------------------------------------------+-----
Fighting       | 4 5 6 7 8 10 11 12 13 14 15 16 17 18 | 18.4
Shields        | 4 5 6 7 9 10 11 13 14 16 17 19 20 21 22 | 22.3
Armour         | 4 5 6 7 8 9 10 12 13 14 15 16 17 18 | 18.4
Long Blades    | 3 4 5 7 9 11 13 14 15 16 17 18 19 20 | 20.4
Dodging        | 1 2 3 4 5 6 |  6.1
Stealth        | 1 2 3 4 5 |  5.0
Axes           | 4 |  4.9
Evocations     | 1 |  1.1

Action                   |  1- 3 |  4- 6 |  7- 9 | 10-12 | 13-15 | 16-18 | 19-21 || total
-------------------------+-------+-------+-------+-------+-------+-------+-------++-------
Melee: Long sword        |    81 |   255 |   316 |   134 |       |       |       ||   786
       Headbutt          |    10 |    41 |    69 |   126 |   405 |   522 |   110 ||  1283
       Scimitar          |       |       |       |   412 |  1283 |  1412 |   257 ||  3364
       Hand axe          |       |       |       |    42 |     6 |       |       ||    48
Invok: Potion Petition   |       |       |     1 |     1 |       |       |       ||     2
       Call Merchant     |       |       |     1 |     1 |     3 |     1 |     2 ||     8
Evoke: Wand              |       |       |       |     2 |     8 |       |     4 ||    14
  Use: Potion            |     1 |     3 |     3 |     3 |     4 |     3 |       ||    17
       Scroll            |       |     7 |     1 |    12 |     8 |     4 |     2 ||    34
 Stab: Distracted        |       |       |     2 |     3 |    10 |    14 |     1 ||    30
  Eat: Chunk             |       |     5 |       |       |       |       |       ||     5
       Ration            |       |     1 |     3 |     7 |    13 |    14 |     3 ||    41
Armor: Scale mail        |    60 |    49 |       |       |       |       |       ||   109
       Chain mail        |       |    60 |   133 |   113 |       |       |       ||   306
       Plate armour      |       |       |       |   154 |   437 |   704 |    62 ||  1357
Dodge: Dodged            |    33 |   107 |    70 |   156 |   284 |   558 |    69 ||  1277
       Deflected         |       |       |       |     4 |       |       |       ||     4
Block: Shield            |    68 |   180 |   173 |   350 |   794 |  1366 |   145 ||  3076
       Reflection        |       |       |       |     2 |    27 |       |       ||    29
       Rpst.: Long sword |    12 |    14 |    19 |     5 |       |       |       ||    50
       Scimitar          |       |       |       |    22 |    57 |    89 |    13 ||   181

Table legend:
 A = Non-vault XP
 B = Vault XP
 C = Vault XP percentage of total XP
 D = Non-vault monster count
 E = Vault monster count
 F = Vault count percentage of total count
                 A         B        C        D         E       F
            +---------+---------+-------+---------+---------+-------
      Total |  231201 |  211740 |  47.8 |     864 |     478 |  35.6
            +---------+---------+-------+---------+---------+-------
        D:1 |      39 |       0 |   0.0 |      28 |       0 |   0.0
        D:2 |      98 |       0 |   0.0 |      20 |       0 |   0.0
        D:3 |     203 |      75 |  27.0 |      32 |      14 |  30.4
        D:4 |     174 |       0 |   0.0 |      17 |       0 |   0.0
        D:5 |     930 |      99 |   9.6 |      22 |       1 |   4.3
        D:6 |     543 |     416 |  43.4 |      24 |       2 |   7.7
        D:7 |     810 |     215 |  21.0 |      27 |       1 |   3.6
        D:8 |     924 |    3368 |  78.5 |      13 |       7 |  35.0
        D:9 |    1090 |       0 |   0.0 |      19 |       0 |   0.0
       D:10 |    1717 |    4060 |  70.3 |      13 |      36 |  73.5
       D:11 |    3507 |     295 |   7.8 |      14 |      18 |  56.2
       D:12 |    3934 |    1773 |  31.1 |      26 |       2 |   7.1
       D:13 |    6977 |    1899 |  21.4 |      33 |       5 |  13.2
       D:14 |   10298 |    7346 |  41.6 |      49 |      12 |  19.7
       D:15 |   13405 |    4113 |  23.5 |      35 |       8 |  18.6
     Lair:1 |    5937 |       0 |   0.0 |      15 |       0 |   0.0
     Lair:2 |    2728 |     853 |  23.8 |       5 |       1 |  16.7
     Lair:3 |    6323 |    3260 |  34.0 |      24 |      19 |  44.2
     Lair:4 |    2129 |     466 |  18.0 |      14 |       1 |   6.7
     Lair:5 |    5213 |    2481 |  32.2 |      13 |       8 |  38.1
     Lair:6 |    4540 |    9839 |  68.4 |      17 |      45 |  72.6
   Shoals:1 |   16661 |       0 |   0.0 |      35 |       0 |   0.0
   Shoals:2 |    5524 |     894 |  13.9 |      13 |       1 |   7.1
   Shoals:3 |    3543 |   15505 |  81.4 |       7 |      23 |  76.7
   Shoals:4 |    9181 |   17321 |  65.4 |      17 |      25 |  59.5
   Spider:1 |   18525 |       0 |   0.0 |      49 |       0 |   0.0
   Spider:2 |   16139 |       0 |   0.0 |      47 |       0 |   0.0
   Spider:3 |   13244 |       0 |   0.0 |      38 |       0 |   0.0
   Spider:4 |   18358 |   24523 |  57.2 |      46 |      45 |  49.5
      Orc:1 |    4842 |    1021 |  17.4 |      46 |       3 |   6.1
      Orc:2 |    2581 |    7401 |  74.1 |      19 |      31 |  62.0
      Elf:1 |   13192 |    3621 |  21.5 |      23 |      10 |  30.3
      Elf:2 |   16794 |   25621 |  60.4 |      30 |      39 |  56.5
      Elf:3 |   20023 |   47309 |  70.3 |      33 |      33 |  50.0
   Vaults:1 |    1075 |    7223 |  87.0 |       1 |      15 |  93.8
      IceCv |       0 |   12178 | 100.0 |       0 |      59 | 100.0
   Gauntlet |       0 |    8565 | 100.0 |       0 |      14 | 100.0
            +---------+---------+-------+---------+---------+-------
